AoeStats
← Jote

Arabia

509933726Analyzed
1v1 RM · 3d ago on Sep 28, 2026· 49m 51s· 2 players
Game mode
Random Map
Map size
Tiny (2 player)
Population
200
Speed
Normal
Resources
Standard
Victory
Conquest
Starting age
Dark Age
Ending age
Imperial Age
RankedLock teamsTeams togetherTeam positionsShared explorationLock speedFull tech treeHidden civsTurbo modeCheats
Victory
Defeat
🇨🇿 Hindustanis · Czechia
1024
+17
🇳🇴 Magyars · Norway
1053
-17
Toniczek
10:24 Feudal Age
11:03 Horse Collar
18:19 Forging
18:29 Double-Bit Axe
22:09 Castle Age
20:10 Gold Mining
21:13 Bloodlines
21:20 Scale Barding Armor
22:52 Husbandry
26:25 Chain Barding Armor
26:14 Elite Skirmisher
26:58 Fletching
27:09 Padded Archer Armor
28:20 Bow Saw
28:51 Bodkin Arrow
29:12 Leather Archer Armor
32:17 Ballistics
32:44 Wheelbarrow
33:45 Stone Mining
34:47 Leather Archer Armor
41:23 Imperial Age
39:47 Iron Casting
39:01 Arson
40:05 Stone Shaft Mining
40:07 Gold Shaft Mining
40:31 Hand Cart
40:04 Town Watch
42:49 Heavy Plow
43:51 Two-Man Saw
43:55 Chemistry
48:58 Blast Furnace
48:36 Plate Barding Armor
48:03 Scale Mail Armor
48:08 Heavy Camel Rider
Jote
6:46 Loom
9:27 Feudal Age
10:43 Double-Bit Axe
12:29 Horse Collar
18:25 Wheelbarrow
22:01 Castle Age
20:57 Fletching
21:08 Padded Archer Armor
21:05 Gold Mining
22:44 Bloodlines
23:01 Husbandry
23:00 Bodkin Arrow
24:20 Stone Mining
24:52 Bow Saw
27:03 Ballistics
31:23 Heavy Plow
38:07 Scale Barding Armor
38:18 Leather Archer Armor
41:12 Chain Barding Armor
45:08 Imperial Age
46:04 Cavalier
48:53 Scale Mail Armor
49:29 Plate Barding Armor
Connection lost

Rejoining the realm…

Still unreachable

The connection could not be restored.

Session expired

The server has moved on; the page needs a fresh start.